 Dungeon Crawl Stone Soup version 0.27.1-2-g3b301248ec (webtiles) character file.

Game seed: 1940613333240589394

100 raph the Poker (level 4, -6/33 HPs)
             Began as a Merfolk Gladiator on Oct 3, 2021.
             Mangled by Crazy Yiuf (12 damage)
             ... on level 3 of the Dungeon.
             The game lasted 00:03:29 (2400 turns).

raph the Poker (Merfolk Gladiator)                  Turns: 2400, Time: 00:03:30

Health: -6/33      AC:  4    Str: 14    XL:     4   Next: 73%
Magic:  4/4        EV: 13    Int:  7    God:
Gold:   105        SH:  0    Dex: 16    Spells: 3/3 levels left

rFire    . . .     SeeInvis +   a - +0 trident
rCold    . . .     Faith    .   (no shield)
rNeg     . . .     Spirit   .   b - +0 leather armour
rPois    .         Reflect  .   c - +0 helmet
rElec    .         Harm     .   (no cloak)
rCorr    .         Rampage  .   (no gloves)
Will     .....                  (no boots)
Stlth    +.........             (no amulet)
HPRegen  0.11/turn              f - ring of see invisible
MPRegen  0.09/turn              (no ring)

@: no status effects
A: (nimble swimmer 2), mertail
a: no special abilities


You were on level 3 of the Dungeon.
You visited 1 branch of the dungeon, and saw 3 of its levels.

You collected 105 gold pieces.

Inventory:

Hand Weapons
 a - a +0 trident (weapon)
Missiles
 d - 3 throwing nets (quivered)
 i - 8 poisoned darts
 p - 2 javelins
Armour
 b - a +0 leather armour (worn)
 c - a +0 helmet (worn)
Jewellery
 f - a ring of see invisible (left hand)
Scrolls
 g - a scroll of magic mapping {unknown}
 o - a scroll of blinking {unknown}
Potions
 e - a potion of ambrosia {unknown}
 h - a potion of haste {unknown}
 j - a potion of mutation {unknown}
 k - a potion of might {unknown}
 l - a potion of attraction {unknown}
 m - a potion of lignification {unknown}
 n - a potion of curing {unknown}


   Skills:
 - Level 2.2 Fighting
 + Level 7.7 Polearms
 - Level 2.0 Throwing
 - Level 4.0 Dodging


You had 3 spell levels left.
You didn't know any spells.
Your spell library was empty.

Dungeon Overview and Level Annotations

Branches:
Dungeon (3/15)

Altars:
Xom

Shops:
D:2 :

Annotations:
D:3 Crazy Yiuf


Innate Abilities, Weirdness & Mutations

((You are quick and stealthy near water. (Stealth+, EV+, Speed+++)))
Your lower body shifts to a powerful aquatic tail in water.


Message History

The bat closely misses you.
You completely miss the bat. The bat closely misses you.
You reach to attack!
You hit the bat.
You kill the bat!
No target in view!
No target in view!
No target in view!
No target in view!
No target in view!
No target in view!
You see here a bat corpse.
Found a mace.
Found a runed translucent door.
Crazy Yiuf shouts!
You open the door. You hit Crazy Yiuf.
Crazy Yiuf is lightly wounded.
Crazy Yiuf hits you with a +4 quarterstaff of chaos!
You hit Crazy Yiuf.
Crazy Yiuf is moderately wounded.
Crazy Yiuf says, "Aardvark alas hog!"
Crazy Yiuf hits you with a +4 quarterstaff of chaos.
You hit Crazy Yiuf but do no damage.
Crazy Yiuf is moderately wounded.
Crazy Yiuf hits you with a +4 quarterstaff of chaos!
* * * LOW HITPOINT WARNING * * *
Crazy Yiuf burns you.
* * * LOW HITPOINT WARNING * * *
You are too injured to fight recklessly!
You are too injured to fight recklessly!
You are too injured to fight recklessly!
You are too injured to fight recklessly!
You are too injured to fight recklessly!
You are too injured to fight recklessly!
You are too injured to fight recklessly!
You are too injured to fight recklessly!
You hit Crazy Yiuf.
Crazy Yiuf is heavily wounded.
Crazy Yiuf says, "Proton!
Iron foot mobile."
Crazy Yiuf hits you with a +4 quarterstaff of chaos!
You die...

#....####....#.#
#.# #....#
#....'.# #.#
♣....♣
#....#####.#
♣...♣♣
#....#......
♣♣.♣♣
#....#......
♣.♣♣
######......
♣♣.♣ #######
♣.♣♣ #.. ♣♣@♣
#.. #g# #.. ...
#.. #...#
###########.
#..)#
#...........
#####
#.#########.
#.#.........
#.#.########
#.#.#


You could see Crazy Yiuf.

Vanquished Creatures
  Natasha (D:2)
  2 adders (D:2)
  A worm (D:1)
  A dart slug (D:2)
  6 endoplasms
  3 giant cockroaches
  3 goblins (D:1)
  6 hobgoblins
  3 jackals (D:1)
  3 quokkas (D:1)
  2 ball pythons (D:1)
  6 bats
  4 frilled lizards
  7 kobolds
  3 rats
51 creatures vanquished.

Notes
Turn   | Place    | Note
-------+----------+-------------------------------------------
     0 | D:1      | raph the Merfolk Gladiator began the quest for the Orb.
     0 | D:1      | Reached XP level 1. HP: 16/16 MP: 1/1
   133 | D:1      | Reached skill level 5 in Polearms
   187 | D:1      | Reached XP level 2. HP: 21/22 MP: 2/2
   570 | D:1      | Reached skill level 6 in Polearms
   570 | D:1      | Reached XP level 3. HP: 24/27 MP: 3/3
  1618 | D:2      | Reached XP level 4. HP: 28/33 MP: 4/4
  1687 | D:2      | Found Vuhout's Book Boutique.
  1694 | D:2      | Reached skill level 7 in Polearms
  1756 | D:2      | Noticed Natasha
  1767 | D:2      | Killed Natasha
  2014 | D:2      | Found a shimmering altar of Xom.
  2392 | D:3      | Found a runed translucent door.
  2393 | D:3      | Noticed Crazy Yiuf
  2400 | D:3      | Mangled by Crazy Yiuf

Illustrated notes

Levels and vault maps discovered:
D:1:      psy_arrival_statuary, layout_loops_corners
D:2:      layout_basic, serial_shops, nicolae_shop_waterfront, basic_altar,
          nicolae_underground_beach, uniq_natasha
D:3:      layout_basic, shapermc_ecumenical_altar_starsandcircs, uniq_sigmund,
          uniq_robin, uniq_crazy_yiuf_cottage, uniq_terence

Skill      XL: |  1  2  3  4 |
---------------+-------------+-----
Polearms       | 5 6 7 |  7.7
Fighting       | |  2.2
Throwing       | |  2.0
Dodging        | |  4.0

Action                   |  1- 3 |  4- 6 || total
-------------------------+-------+-------++-------
Melee: Trident           |   145 |    29 ||   174
 Stab: Sleeping          |     2 |     2 ||     4
Armor: Leather armour    |    29 |     6 ||    35
Dodge: Dodged            |    62 |    11 ||    73
